 Dungeon Crawl Stone Soup version 0.30-a0-964-gd452b5e7fa (webtiles) character file.

Game seed: 17633536236267064616

150 juan097 the Chopper (level 5, -1/47 HPs)
             Began as a Minotaur Berserker on Mar 30, 2023.
             Was a Believer of Trog.
             Blown up by Ijyb (20 damage)
             ... with a mindburst bolt
             ... on level 3 of the Dungeon.
             The game lasted 00:03:41 (1628 turns).

juan097 the Chopper (Minotaur Berserker)            Turns: 1628, Time: 00:03:41

Health: -1/47      AC:  6    Str: 23    XL:     5   Next: 10%
Magic:  4/4        EV: 11    Int:  4    God:    Trog [**....]
Gold:   111        SH:  0    Dex: 10    Spells: 4/4 levels left

rFire   . . .      SeeInvis .    a - +0 hand axe
rCold   . . .      Faith    .    (no shield)
rNeg    . . .      Spirit   .    k - +0 ring mail
rPois   .          Reflect  .    (helmet restricted)
rElec   .          Rampage  .    f - +0 cloak
rCorr   .                        (no gloves)
Will    .....                    (no boots)
Stlth   +                        (no amulet)
HPRegen 0.27/turn                (no ring)
MPRegen 0.09/turn                (no ring)

@: no status effects
A: horns 2, retaliatory headbutt
a: Renounce Religion, Berserk, Trog's Hand


You were on level 3 of the Dungeon.
You worshipped Trog.
Trog was pleased with you.
You visited 1 branch of the dungeon, and saw 3 of its levels.

You collected 111 gold pieces.

Inventory:

Hand Weapons
 a - a +0 hand axe (weapon)
 d - a +0 dagger of venom
Missiles
 i - 5 javelins (quivered)
Armour
 f - a +0 cloak (worn)
 k - a +0 ring mail (worn)
Scrolls
 c - a scroll of noise {unknown}
 e - a scroll of identify {unknown}
 g - a scroll of enchant armour {unknown}
 l - a scroll of fear {unknown}
 m - a scroll of vulnerability {unknown}
 n - a scroll of fog {unknown}
Potions
 b - a potion of curing {unknown}
 h - 2 potions of flight {unknown}
 j - a potion of brilliance {unknown}
 o - a potion of might {unknown}
 p - a potion of degeneration {unknown}


   Skills:
 + Level 4.3 Fighting
 * Level 5.1 Axes
 + Level 3.3 Armour
 + Level 3.0 Dodging
 + Level 1.5 Stealth


You had 4 spell levels left.
You didn't know any spells.
Your spell library was empty.

Dungeon Overview and Level Annotations

Branches:
Dungeon (3/15)

Altars:

Shops:
D:1 [   D:3 :

Annotations:
D:3 Ijyb


Innate Abilities, Weirdness & Mutations

You have a pair of horns on your head.
You reflexively headbutt those who attack you in melee.


Message History

The goblin is severely wounded.
The goblin hits you with a +0 dagger.
You hit the goblin.
You kill the goblin!
Trog accepts your kill.
The gnoll hits you from afar with a +0 spear.
The gnoll hits you with a +0 spear.
Things that are here:
a +0 dagger; a goblin corpse You hit the gnoll.
Your headbutt misses the gnoll.
The gnoll is moderately wounded.
The gnoll barely misses you.
You completely miss the gnoll.
You headbutt the gnoll, but do no damage.
The gnoll is moderately wounded.
The gnoll closely misses you.
You hit the gnoll but do no damage. Your headbutt misses the gnoll.
The gnoll is moderately wounded.
The gnoll barely misses you. You furiously retaliate!
You headbutt the gnoll!
You kill the gnoll!
Trog accepts your kill.
You hit Ijyb. Your headbutt misses Ijyb.
Ijyb is lightly wounded.
Ijyb closely misses you. You furiously retaliate!
You headbutt Ijyb. You closely miss Ijyb.
Ijyb is moderately wounded.
Ijyb zaps a wand.
Your mind is blasted!
You barely miss Ijyb.
Ijyb is moderately wounded.
Ijyb hits you with a +0 dagger.
You hit Ijyb. Your headbutt misses Ijyb.
Ijyb is heavily wounded.
Ijyb hits you with a +0 dagger.
You hit Ijyb.
Ijyb is heavily wounded.
Ijyb zaps a wand.
Your mind is blasted!
You closely miss Ijyb. Your headbutt misses Ijyb.
Ijyb is heavily wounded.
Ijyb zaps a wand.
Your mind is blasted!
You die...

.....# .....# ## # ...
## .#. .#######.#.#
.........#.####
#†#####..#....
#.#####..#..#######.###
#....##......$..@g....+
#....''.....#######.###
......#†...>#
......#.....#
......#.....#
......#.....#
∩.....#.....+
......#....##
......######


You could see Ijyb.

Vanquished Creatures
  Natasha (thrice) (D:3)
  A gnoll (D:3)
  An adder (D:2)
  A worm (D:3)
  2 dart slugs
  3 endoplasms
  4 giant cockroaches
  4 goblins
  5 hobgoblins
  2 jackals (D:3)
  2 quokkas (D:1)
  8 ball pythons
  3 bats
  7 frilled lizards
  5 kobolds
  2 rats (D:2)
53 creatures vanquished.

Notes
Turn   | Place    | Note
-------+----------+-------------------------------------------
     0 | D:1      | juan097 the Minotaur Berserker began the quest for the Orb.
     0 | D:1      | Reached XP level 1. HP: 19/19 MP: 0/0
   143 | D:1      | Reached XP level 2. HP: 27/27 MP: 1/1
   174 | D:1      | Reached skill level 4 in Axes
   235 | D:1      | Found Cocuw's Antique Armour Shoppe.
   549 | D:2      | Reached ** piety under Trog
   550 | D:2      | Reached XP level 3. HP: 33/33 MP: 2/2
   834 | D:2      | Reached skill level 1 in Stealth
  1306 | D:3      | Noticed Natasha
  1313 | D:3      | Killed Natasha
  1314 | D:3      | Reached XP level 4. HP: 31/40 MP: 3/3
  1329 | D:3      | Noticed Natasha
  1338 | D:3      | Killed Natasha
  1430 | D:3      | Noticed Natasha
  1448 | D:3      | Killed Natasha
  1449 | D:3      | Reached skill level 5 in Axes
  1579 | D:3      | Found Coelaovory's Book Emporium.
  1600 | D:3      | Reached XP level 5. HP: 46/46 MP: 4/4
  1615 | D:3      | Noticed Ijyb
  1628 | D:3      | Blown up by Ijyb

Illustrated notes

Levels and vault maps discovered:
D:1:      nzn_arrival_settlement, layout_rooms, serial_shops, shop
D:2:      layout_basic, chequers_serial_rivers_small_b
D:3:      layout_basic, gammafunk_temple_overflow_claw, serial_shops, shop,
          reono_crystal_passage, uniq_sigmund, uniq_natasha, uniq_ijyb

Skill      XL: |  1  2  3  4 |
---------------+-------------+-----
Axes           | 4 5 |  5.1
Fighting       | 4 |  4.3
Stealth        | 1 |  1.5
Armour         | 3 |  3.3
Dodging        | 3 |  3.0

Action                     |  1- 3 |  4- 6 || total
---------------------------+-------+-------++-------
  Melee: Hand axe          |    85 |    31 ||   116
         Headbutt          |     5 |     3 ||     8
         Punch             |     1 |       ||     1
 Invoke: Berserk           |     1 |     1 ||     2
         Trog's Hand       |       |     1 ||     1
 Armour: Animal skin       |    12 |       ||    12
         Ring mail         |     6 |     4 ||    10
  Dodge: Dodged            |    53 |    11 ||    64

Table legend: (Time is in decaauts)
 A = Elapsed time spent in this place.
 B = Non-inter-level travel time spent in this place.
 C = Inter-level travel time spent in this place.
 D = Time resting spent in this place.
 E = Time spent auto-exploring this place.
 F = Levels seen in this place.
 G = Mean time per level.
                   A        B        C        D        E       F      G
               +--------+--------+--------+--------+--------+-----+--------+
         Total |   1663 |   1622 |     41 |     36 |   1214 |   3 |  554.3 |
       Dungeon |   1663 |   1622 |     41 |     36 |   1214 |   3 |  554.3 |
               +--------+--------+--------+--------+--------+-----+--------+

Top non-repeatable levels by time:
     D:2: 847 daAuts
     D:1: 554 daAuts
     D:3: 262 daAuts
